 Dungeon Crawl Stone Soup version 0.16-a0-2622-gbfab2ba (webtiles) character file.

11 Gorice the Charlatan (level 2, 0/16 HPs)
             Began as a Kobold Artificer on Nov 22, 2014.
             Succumbed to an adder's poison
             ... on level 1 of the Dungeon.
             The game lasted 00:03:26 (1032 turns).

Gorice the Charlatan (Kobold Artificer)             Turns: 1032, Time: 00:03:26

Health: 0/16       AC:  3    Str:  9    XL:     2   Next: 40%
Magic:  3/3        EV: 13    Int: 10    God:
Gold:   35         SH:  0    Dex: 17    Spells: 0 memorised, 1 level left

rFire  . . .     SeeInvis .     a - +0 short sword
rCold  . . .     Clarity  .     e - +0 leather armour
rNeg   . . .     SustAb   .     (no shield)
rPois  .         Gourm    .     (no helmet)
rElec  .         Spirit   .     (no cloak)
rCorr  .         Warding  .     (no gloves)
rMut   .         Stasis   .     (no boots)
MR     .....                    (no amulet)
Stlth  ++........               (no ring)
                                h - +1 ring of dexterity

@: lethally poisoned, not resistant to hostile enchantments, unstealthy
A: carnivore 3
a: no special abilities


You were on level 1 of the Dungeon.
You were not hungry.

You visited 1 branch of the dungeon, and saw 1 of its levels.

You collected 35 gold pieces.

Inventory:

Hand weapons
 a - a +0 short sword (weapon)
 g - a +0 whip
Missiles
 l - 40 bolts
 Z - 2 stones (quivered)
Armour
 e - a +0 leather armour (worn)
Jewellery
 h - a +1 ring of dexterity (left hand)
Magical devices
 b - a wand of flame (15)
 c - a wand of enslavement (14)
 d - a wand of random effects (15)
Scrolls
 i - a scroll of remove curse {unknown}
 k - a scroll of enchant armour {unknown}
 m - a scroll of noise {unknown}
Comestibles
 f - a meat ration


   Skills:
 - Level 1.1 Fighting
 * Level 2.3 Short Blades
 + Level 2.8 Dodging
 + Level 1.9 Stealth
 - Level 3.6 Evocations


You had one spell level left.
You didn't know any spells.

Dungeon Overview and Level Annotations

Branches:
Dungeon (1/15)

Altars:


Innate Abilities, Weirdness & Mutations

You are small and have problems with some larger weapons.
You are carnivorous and can eat meat at any time.


Message History

You barely miss the adder.
The adder is moderately wounded.
* * * LOW HITPOINT WARNING * * *
You feel sick. The adder bites you but does no damage.
You hit the adder.
The adder is severely wounded.
The adder bites you.
* * * LOW HITPOINT WARNING * * *
You are more poisoned.
The adder poisons you! The adder closely misses you.
Evoke which item? (* to show all) (? for menu, Esc to quit)
Zapping:
c - a wand of enslavement (15)
Press: ? - help, Shift-Dir - straight line, f - adder
Aim: an adder (severely wounded)
The adder is charmed.
This wand has 14 charges left.
* * * LOW HITPOINT WARNING * * *
You feel sick.
Drink which item? (? for menu, Esc to quit)
You feel refreshed.
It was a potion of restore abilities.
You die...

##### ######### #...# #.......#
#...# #.......# #...#######
#.......# #...##....# ###
#.......# #...##....# ..#
#.......####@S.##....#
#.###..............##....#
#.##...............##....#
#.##...............##....# ####
#.##...............##....#####...
#..'............>...'....'.......
####.............####....###.....
# ##.............+...............
# #..............###......)#.....


You could see a friendly adder.

Vanquished Creatures
  A bat (D:1)
  2 giant cockroaches (D:1)
  A hobgoblin (D:1)
  A ball python (D:1)
  A giant newt (D:1)
  A goblin (D:1)
  2 kobolds (D:1)
  3 rats (D:1)
12 creatures vanquished.

Notes
Turn   | Place    | Note
--------------------------------------------------------------
     0 | D:1      | Gorice, the Kobold Artificer, began the quest for the Orb.
     0 | D:1      | Reached XP level 1. HP: 12/12 MP: 1/1
     0 | D:1      | Noticed a spriggan skeleton
     3 | D:1      | Noticed a centaur skeleton
     5 | D:1      | Noticed a centaur skeleton
     8 | D:1      | Noticed a spriggan skeleton
    10 | D:1      | Noticed a merfolk skeleton
    12 | D:1      | Noticed a troll skeleton
    16 | D:1      | Noticed a merfolk skeleton
    16 | D:1      | Noticed a centaur skeleton
    19 | D:1      | Noticed a minotaur skeleton
   173 | D:1      | Reached XP level 2. HP: 1/16 MP: 3/3
  1032 | D:1      | Succumbed to an adder's poison

Action                   || total
-------------------------++-------
Melee: Short sword       ||    36
Evoke: Wand              ||     1
  Use: Potion            ||     1
 Stab: Sleeping          ||     1
  Eat: Chunk             ||     2
